 Dungeon Crawl Stone Soup version 0.30.1-6-gbe392663c4 (webtiles) character file.

Game seed: 687531599243426396

313 booth the Chopper (level 6, -5/51 HPs)
             Began as a Gnoll Reaver on Sept 20, 2023.
             Slain by an ogre
             ... wielding a +0 giant club
              (24 damage)
             ... on level 5 of the Dungeon.
             The game lasted 00:23:50 (4302 turns).

booth the Chopper (Gnoll Reaver)                    Turns: 4302, Time: 00:23:51

Health: -5/51      AC:  3    Str: 11    XL:     6   Next: 43%
Magic:  14/14      EV: 13    Int: 12    God:
Gold:   206        SH:  0    Dex: 13    Spells: 9/15 levels left

rFire   . . .        a - +0 hand axe (venom)
rCold   . . .        (no shield)
rNeg    . . .        b - +0 leather armour
rPois   +            (no helmet)
rElec   .            (no cloak)
rCorr   .            (no gloves)
SInv    .            (no boots)
Will    .....        (no amulet)
Stlth   ++           o - ring of poison resistance
HPRegen 0.28/turn    (no ring)
MPRegen 0.14/turn

%: no passive effects
@: no status effects
A: fangs 1, strong nose, distributed training
a: no special abilities


You were on level 5 of the Dungeon.
You visited 1 branch of the dungeon, and saw 5 of its levels.

You collected 206 gold pieces.

Inventory:

Hand Weapons
 a - a +0 hand axe of venom (weapon)
 i - a +4 heavy flail
 k - a +0 mace
Missiles
 d - 11 poisoned darts (quivered)
 g - a boomerang
Armour
 b - a +0 leather armour (worn)
 c - a +0 ring mail
Jewellery
 o - a ring of poison resistance (left hand)
Scrolls
 e - 3 scrolls of teleportation
 p - 3 scrolls of blinking
 q - a scroll of amnesia {unknown}
Potions
 f - 2 potions of ambrosia
 h - 2 potions of mutation
 j - a potion of resistance
 l - a potion of haste
 m - a potion of curing {unknown}
 n - a potion of flight {unknown}


   Skills:
 + Level 5.0 Fighting
 + Level 2.0 Short Blades
 + Level 2.0 Long Blades
 + Level 6.8 Axes
 + Level 2.0 Maces & Flails
 + Level 2.0 Polearms
 + Level 2.0 Staves
 + Level 2.0 Ranged Weapons
 + Level 2.0 Throwing
 + Level 2.0 Armour
 + Level 5.0 Dodging
 + Level 2.0 Stealth
 + Level 2.0 Shields
 + Level 2.0 Unarmed Combat
 + Level 5.4 Spellcasting
 + Level 5.7 Conjurations
 + Level 1.6 Hexes
 + Level 1.6 Summonings
 + Level 1.6 Necromancy
 + Level 1.6 Translocations
 + Level 1.6 Transmutations
 + Level 1.6 Fire Magic
 + Level 1.6 Ice Magic
 + Level 1.6 Air Magic
 + Level 1.6 Earth Magic
 + Level 1.6 Poison Magic
 + Level 2.2 Invocations
 + Level 2.0 Evocations


You had 9 spell levels left.
You knew the following spells:

 Your Spells              Type           Power      Damage    Failure   Level
a - Kiss of Death         Conj/Necr      48%        2d9       5%          1
b - Momentum Strike       Conj/Tloc      24%        3d8       9%          2
c - Hailstorm             Conj/Ice       12%        3d5       17%         3

Your spell library contained the following spells:

 Spells                   Type           Power      Damage    Failure   Level
 Ozocubu's Armour         Ice            7%         N/A       36%         3
 Ozocubu's Refrigeration  Ice            3%         4d8       100%        7


Dungeon Overview and Level Annotations

Branches:
Dungeon (5/15)
 Temple: D:4-7

Altars:
Nemelex Xobeh


Innate Abilities, Weirdness & Mutations

You have very sharp teeth.
Your uncanny sense of smell can sniff out nearby items.
Your experience applies equally to all skills.


Message History

You climb downwards.
You hear the sound of rushing water.
There is an entrance to a sewer on this level.
Hurry and find it before the portal rusts away!
Found 3 scrolls labelled EHAJOT HOUGU and a scroll of identify.
There is a stone staircase leading up here.
p - 3 scrolls labelled EHAJOT HOUGU
Found a scroll labelled FATAUFROKEOT.
q - a scroll of identify
As you read the scroll of identify, it crumbles to dust.
p - 3 scrolls of blinking
q - a scroll labelled FATAUFROKEOT An ogre comes into view.
It is wielding a +0 giant club.
The ogre shouts!
Throw: 14 darts (poison)
Press: ? - help, Q - select action, (/) - cycle Shift-Dir - straight line, f - ogre
Aim: an ogre, wielding a +0 giant club (75% to hit)
You throw a poisoned dart. The poisoned dart hits the ogre.
The ogre is poisoned.
Throw: 13 darts (poison)
Press: ? - help, Q - select action, (/) - cycle Shift-Dir - straight line, f/p - ogre
Aim: an ogre, wielding a +0 giant club (poisoned, 75% to hit)
You throw a poisoned dart. The poisoned dart hits the ogre.
Throw: 12 darts (poison)
Press: ? - help, Q - select action, (/) - cycle Shift-Dir - straight line, f/p - ogre
Aim: an ogre, wielding a +0 giant club (poisoned, 75% to hit)
You throw a poisoned dart. The poisoned dart hits the ogre.
The ogre looks even sicker.
A jelly comes into view.
You barely miss the ogre.
The ogre is moderately wounded.
The ogre hits you with a +0 giant club!
You hit the ogre.
The ogre looks as sick as possible!
The ogre is moderately wounded.
The ogre hits you with a +0 giant club!
You hit the ogre.
The ogre looks as sick as possible!
The ogre is severely wounded.
You hit the ogre.
The ogre looks as sick as possible!
The ogre is almost dead.
The ogre hits you with a +0 giant club!!
You die...

∆ ....# ## ....#
#####.##...#
#..#....... ... ....
#.##.###.#########
#.......JO@.##...##
...##((.....#.....#
....###..#........#
................<##
...##....#........#
...####.##.....##.##
#.......#....##...#
###.#.............#
# ##..####.##..##


You could see an ogre (extremely poisoned) and a jelly.

Vanquished Creatures
  A black bear (D:4)
  2 orc priests (D:3)
  3 gnolls (D:1)
  5 adders
  2 dart slugs
  11 orcs
  3 ball pythons
  6 bats
  3 endoplasms
  3 giant cockroaches (D:1)
  9 goblins
  4 hobgoblins
  3 jackals (D:2)
  5 quokkas
  2 frilled lizards
  7 kobolds
  3 rats (D:1)
72 creatures vanquished.

Notes
Turn   | Place    | Note
-------+----------+-------------------------------------------
     0 | D:1      | booth the Gnoll Reaver began the quest for the Orb.
     0 | D:1      | Reached XP level 1. HP: 20/20 MP: 6/6
   130 | D:1      | Reached XP level 2. HP: 26/26 MP: 7/7
   133 | D:1      | Learned a level 2 spell: Momentum Strike
   433 | D:1      | Reached skill level 5 in Spellcasting
   433 | D:1      | Reached XP level 3. HP: 29/31 MP: 7/9
   449 | D:1      | Learned a level 3 spell: Hailstorm
   807 | D:1      | Reached skill level 1 in Invocations
   808 | D:1      | Reached skill level 1 in Short Blades
   808 | D:1      | Reached skill level 1 in Long Blades
   808 | D:1      | Reached skill level 1 in Maces & Flails
   808 | D:1      | Reached skill level 1 in Polearms
   808 | D:1      | Reached skill level 1 in Staves
   808 | D:1      | Reached skill level 1 in Ranged Weapons
   808 | D:1      | Reached skill level 1 in Throwing
   808 | D:1      | Reached skill level 1 in Armour
   808 | D:1      | Reached skill level 1 in Stealth
   808 | D:1      | Reached skill level 1 in Shields
   808 | D:1      | Reached skill level 1 in Unarmed Combat
   808 | D:1      | Reached skill level 1 in Evocations
   809 | D:1      | Reached XP level 4. HP: 17/31 MP: 6/11
  1925 | D:3      | Reached skill level 1 in Hexes
  1925 | D:3      | Reached skill level 1 in Summonings
  1925 | D:3      | Reached skill level 1 in Necromancy
  1925 | D:3      | Reached skill level 1 in Translocations
  1925 | D:3      | Reached skill level 1 in Transmutations
  1925 | D:3      | Reached skill level 1 in Fire Magic
  1925 | D:3      | Reached skill level 1 in Ice Magic
  1925 | D:3      | Reached skill level 1 in Air Magic
  1925 | D:3      | Reached skill level 1 in Earth Magic
  1925 | D:3      | Reached skill level 1 in Poison Magic
  2248 | D:3      | Reached XP level 5. HP: 14/43 MP: 12/12
  3250 | D:4      | Noticed a black bear
  3308 | D:4      | Killed a black bear
  3309 | D:4      | Reached skill level 5 in Fighting
  3309 | D:4      | Reached skill level 5 in Dodging
  3309 | D:4      | Reached XP level 6. HP: 8/51 MP: 10/14
  3745 | D:4      | Found a sparkling altar of Nemelex Xobeh.
  4262 | D:5      | Entered Level 5 of the Dungeon
  4302 | D:5      | Slain by an ogre

Illustrated notes

Levels and vault maps discovered:
D:1:      scummos_arrival_simple_crosswalls, layout_loops_ring,
          minmay_misc_feat_enclosed, minmay_stone_trees_small
D:2:      layout_loops_corners, eino_tiny_chamber, minivault_25,
          grunt_ministairs_7
D:3:      layout_loops_cross, kennysheep_orc_chapel
D:4:      layout_basic, nemelex_spade_bored_becter, guppyfry_early_lair_pool
D:5:      layout_cave_pools, minmay_temple_entry_butterflies,
          lightli_sewer_entry_pipes, gammafunk_ghost_nasty_kobolds,
          serial_shops, shop_statue

Skill      XL: |  1  2  3  4  5 |
---------------+----------------+-----
Spellcasting   | 5 |  5.4
Invocations    | 1 2 |  2.2
Short Blades   | 1 2 |  2.0
Long Blades    | 1 2 |  2.0
Maces & Flails | 1 2 |  2.0
Polearms       | 1 2 |  2.0
Staves         | 1 2 |  2.0
Ranged Weapons | 1 2 |  2.0
Throwing       | 1 2 |  2.0
Armour         | 1 2 |  2.0
Stealth        | 1 2 |  2.0
Shields        | 1 2 |  2.0
Unarmed Combat | 1 2 |  2.0
Evocations     | 1 2 |  2.0
Hexes          | 1 |  1.6
Summonings     | 1 |  1.6
Necromancy     | 1 |  1.6
Translocations | 1 |  1.6
Transmutations | 1 |  1.6
Fire Magic     | 1 |  1.6
Ice Magic      | 1 |  1.6
Air Magic      | 1 |  1.6
Earth Magic    | 1 |  1.6
Poison Magic   | 1 |  1.6
Fighting       | 5 |  5.0
Dodging        | 5 |  5.0
Axes           | |  6.8
Conjurations   | |  5.7

Action                     |  1- 3 |  4- 6 || total
---------------------------+-------+-------++-------
  Melee: Hand axe          |    70 |   127 ||   197
         Bite              |     3 |    17 ||    20
         Punch             |     1 |     1 ||     2
  Throw: Dart              |     3 |    34 ||    37
   Cast: Kiss of Death     |     2 |     1 ||     3
         Momentum Strike   |     1 |     1 ||     2
    Use: Scroll            |     2 |     7 ||     9
         Potion            |       |     2 ||     2
   Stab: Sleeping          |       |     1 ||     1
 Armour: Leather armour    |    14 |    27 ||    41
  Dodge: Dodged            |    44 |    64 ||   108
